 Dungeon Crawl Stone Soup version 0.31.0-11-ge490571c62 (webtiles) character file.

Game seed: 1887797063209487003

21 Daunt the Sneak (level 2, 0/24 HPs)
             Began as a Human Delver on Jan 27, 2024.
             Slain by Terence
             ... wielding a +0 short sword
              (4 damage)
             ... on level 1 of the Dungeon.
             The game lasted 00:02:35 (1086 turns).

Daunt the Sneak (Human Delver)                      Turns: 1086, Time: 00:02:35

Health: 0/24       AC:  4    Str: 12    XL:     2   Next: 83%
Magic:  2/2        EV: 12    Int: 10    God:
Gold:   45         SH:  0    Dex: 14    Spells: 1/1 levels left

rFire   . . .        a - +0 falchion
rCold   . . .        (no shield)
rNeg    . . .        b - +0 leather armour
rPois   .            q - +0 helmet
rElec   .            (no cloak)
rCorr   .            (no gloves)
SInv    .            (no boots)
Will    .....        (no amulet)
Stlth   +++          (no ring)
HPRegen 0.24/turn    (no ring)
MPRegen 0.08/turn

%: no passive effects
@: hasted, very quick
A: explore regen
a: no special abilities


You were on level 1 of the Dungeon.
You visited 1 branch of the dungeon, and saw 5 of its levels.

You collected 45 gold pieces.

Inventory:

Hand Weapons
 a - a +0 falchion (weapon)
Missiles
 d - 30 stones (quivered)
Armour
 b - a +0 leather armour (worn)
 q - a +0 helmet (worn)
Jewellery
 k - an amulet of magic regeneration
Wands
 g - a wand of digging (3)
Scrolls
 c - 2 scrolls of fog
 e - a scroll of fear
 l - a scroll of identify {unknown}
 m - a scroll of revelation
 n - a scroll of enchant armour {unknown}
 o - 3 scrolls of amnesia {unknown}
 p - 2 scrolls of vulnerability {unknown}
 r - a scroll of immolation {unknown}
Potions
 h - a potion of curing {unknown}
 i - 2 potions of berserk rage {unknown}
 j - a potion of ambrosia {unknown}


   Skills:
 - Level 3.0 Fighting
 + Level 3.2 Long Blades
 - Level 2.0 Dodging
 - Level 5.0 Stealth


You had one spell level left.
You didn't know any spells.
Your spell library was empty.

Dungeon Overview and Level Annotations

Branches:
Dungeon (5/15)
 Temple: D:4-7

Altars:

Annotations:
D:1 Terence


Innate Abilities, Weirdness & Mutations

You regain HP and MP as you explore.


Message History

You hit Terence.
Terence is lightly wounded.
Terence hits you with a +0 short sword. Terence attacks as he pursues you!
Terence hits you with a +0 short sword.
There is a stone staircase leading up here.
Terence hits you with a +0 short sword. The adder misses you.
You climb upwards.
There is a stone staircase leading down here.
You hit Terence but do no damage.
Terence is lightly wounded.
Terence barely misses you.
You hit Terence but do no damage.
Terence is lightly wounded.
Terence hits you but does no damage.
Unknown command.
Unknown command.
You closely miss Terence.
Terence is lightly wounded.
Terence hits you with a +0 short sword.
You feel yourself speed up. Terence closely misses you.
You barely miss Terence.
Terence is lightly wounded.
Terence hits you but does no damage.
You hit Terence.
Terence is lightly wounded.
Terence hits you with a +0 short sword.
You hit Terence.
Terence is moderately wounded.
Terence hits you with a +0 short sword.
* * * LOW HITPOINT WARNING * * *
You hit Terence.
Terence is moderately wounded.
You hit Terence but do no damage.
Terence is moderately wounded.
Terence closely misses you.
You hit Terence.
Terence is moderately wounded.
Terence hits you with a +0 short sword.
You die...
Terence says, "Time to find some more victims."

...#######.# #.#######.#
...# #.# #.# #.# ...# #.#
#.# #.# ...# #.#
#.#######.# ...# #.#
#.......#.# ...#
###.##########.#.## ...#
#.................#
...#####.#.##########.####
................@@..#.#
.#######.#######.#..#.#
.##### #.# #.#.##.# .#...#
#.# #.#..#.# )#...# #.#
#.##.#.# .#...#
#.#######.##.#.# .#...#
#.......#.##.#.#
.#...#########.#.##.#.#
.......>...#.#.#.##.#.#


You could see Terence.

Vanquished Creatures
  A giant cockroach (D:1)
  2 goblins
  A kobold (D:2)
  4 quokkas
  4 ball pythons
  4 bats
  2 frilled lizards (D:1)
  A rat (D:1)
19 creatures vanquished.

Notes
Turn   | Place    | Note
-------+----------+-------------------------------------------
     0 | D:5      | Daunt the Human Delver began the quest for the Orb.
     0 | D:5      | Reached XP level 1. HP: 18/18 MP: 1/1
    39 | D:4      | Noticed an iguana
   159 | D:2      | Reached XP level 2. HP: 17/24 MP: 2/2
  1069 | D:2      | Noticed Terence
  1086 | D:1      | Slain by Terence

Illustrated notes

Levels and vault maps discovered:
D:1:      heliophobic_arrival_ceremonial_halls, layout_basic
D:2:      layout_basic, kennysheep_doodads, uniq_terence
D:3:      layout_loops_corners, lightli_temple_of_fire, moated_statue,
          chequers_serial_rivers_small_a
D:4:      layout_rooms, minmay_temple_entry_slanted
D:5:      layout_basic

Skill      XL: |  1  2 |
---------------+-------+-----
Long Blades    | 3 |  3.2
Fighting       | |  3.0
Dodging        | |  2.0
Stealth        | |  5.0

Action                     || total
---------------------------++-------
  Melee: Falchion          ||    65
         Punch             ||     1
    Use: Scroll            ||     1
         Potion            ||     1
   Stab: Sleeping          ||     8
 Armour: Leather armour    ||    36
  Dodge: Dodged            ||    37
